 Dungeon Crawl Stone Soup version 0.30-a0-4-ga7cffc901d (webtiles) character file.

Game seed: 8295795308984619247

56 Zeldest the Trooper (level 3, 0/33 HPs)
             Began as a Hill Orc Abyssal Knight on Aug 22, 2022.
             Was a Believer of Lugonu.
             Slain by a worm (10 damage)
             ... on level 2 of the Dungeon.
             The game lasted 00:01:07 (1551 turns).

Zeldest the Trooper (Hill Orc Abyssal Knight)       Turns: 1551, Time: 00:01:08

Health: 0/33       AC:  3    Str: 22    XL:     3   Next: 95%
Magic:  5/5        EV: 11    Int:  9    God:    Lugonu [**....]
Gold:   93         SH:  0    Dex: 15    Spells: 2/2 levels left

rFire   . . .      SeeInvis .    a - +1 hand axe
rCold   . . .      Faith    .    (no shield)
rNeg    . . .      Spirit   .    b - +0 leather armour
rPois   .          Reflect  .    (no helmet)
rElec   .          Harm     .    (no cloak)
rCorr   .          Rampage  .    (no gloves)
Will    .....                    (no boots)
Stlth   +.........               (no amulet)
HPRegen 0.11/turn                d - +6 ring of strength
MPRegen 0.09/turn                (no ring)

@: no status effects
A: agile 1, wild magic 1, MP-powered wands
a: Renounce Religion, Depart the Abyss, Bend Space


You were on level 2 of the Dungeon.
You worshipped Lugonu.
Lugonu was pleased with you.
You visited 1 branch of the dungeon, and saw 2 of its levels.
You visited the Abyss 1 time.

You collected 93 gold pieces.

Inventory:

Hand Weapons
 a - a +1 hand axe (weapon)
Armour
 b - a +0 leather armour (worn)
Jewellery
 d - a +6 ring of strength (left hand)
 i - a ring of flight
Scrolls
 f - 2 scrolls of identify {unknown}
Potions
 c - a potion of berserk rage {unknown}
 e - a potion of mutation
 g - a potion of curing
 h - a potion of might {unknown}


   Skills:
 + Level 4.0 Fighting
 * Level 3.9 Axes
 + Level 2.6 Armour
 - Level 0.7 Dodging
 * Level 3.6 Invocations


You had 2 spell levels left.
You didn't know any spells.
Your spell library contained the following spells:

 Spells                   Type           Power      Damage    Failure   Level
 Sandblast                Erth           0%         2d4       52%         1
 Passwall                 Tmut/Erth      0%         N/A       65%         2
 Stone Arrow              Conj/Erth      0%         3d7       86%         3


Dungeon Overview and Level Annotations

Branches:
Dungeon (2/15)

Altars:


Innate Abilities, Weirdness & Mutations

You are agile. (Dex +4, Str/Int -1)
Your spells are a little harder to cast, but a little more powerful.
You expend magic power (3 MP) to strengthen your wands.


Message History

The adder poisons you! The adder closely misses you.
You miss the adder.
The adder is almost dead.
You feel very sick. The adder bites you.
You closely miss the adder.
The adder is severely wounded.
You hit the worm but do no damage.
You feel sick. The adder bites you but does no damage. The adder bites you.
You barely miss the adder.
The adder is severely wounded.
You hit the worm but do no damage.
You feel sick. The worm closely misses you. The adder barely misses you.
You hit the adder.
You kill the adder!
Lugonu accepts your kill.
You hit the worm.
You feel sick. The worm bites you!
* * * LOW HITPOINT WARNING * * *
You feel sick.
You see here an adder corpse.
It was a potion of mutation.
You feel extremely strange.
You feel less in control of your magic.
You feel your magical essence link to the dungeon's wands.
You feel agile.
You feel sick. The worm closely misses you.
You hit the worm.
The worm is lightly wounded.
You feel sick. The worm bites you but does no damage.
You barely miss the worm.
The worm is lightly wounded.
You feel sick.
You are no longer poisoned.
It was a potion of curing.
You feel better. The worm bites you!
* * * LOW HITPOINT WARNING * * *
You feel better.
Okay, then.
You hit the worm.
The worm is moderately wounded.
The worm bites you!
You die...

###......##############
#........# #........
###.....#####........
................>....
............†.#####.#
#############....##.#
...............
...####....##..
#@w...... #!.....!.
#........ #........
#........ #........
#........ .........


You could see a worm.

Vanquished Creatures
  3 adders (D:2)
  A worm (D:2)
  A dart slug (D:2)
  An endoplasm (D:1)
  2 giant cockroaches
  4 goblins
  3 hobgoblins
  A kobold (D:1)
  2 quokkas (D:1)
  4 bats
  A rat (D:2)
23 creatures vanquished.

Notes
Turn   | Place    | Note
-------+----------+-------------------------------------------
     0 | Abyss:1  | Zeldest the Hill Orc Abyssal Knight began the quest for the
                  | Orb.
     0 | Abyss:1  | Reached XP level 1. HP: 19/19 MP: 2/2
     1 | D:1      | Escaped the Abyss
   244 | D:1      | Reached XP level 2. HP: 23/27 MP: 4/4
  1075 | D:2      | Reached XP level 3. HP: 26/33 MP: 5/5
  1530 | D:2      | Reached skill level 4 in Fighting
  1546 | D:2      | Gained mutation: Your spells are a little harder to cast,
                  | but a little more powerful. [potion of mutation]
  1546 | D:2      | Gained mutation: You expend magic power (3 MP) to
                  | strengthen your wands. [potion of mutation]
  1546 | D:2      | Gained mutation: You are agile. (Dex +4, Str/Int -1)
                  | [potion of mutation]
  1551 | D:2      | Slain by a worm

Illustrated notes

Levels and vault maps discovered:
D:1:      evilmike_arrival_hilbert_curve, layout_basic
D:2:      layout_basic, shapermc_ecumenical_altar_hornbeckon,
          kennysheep_flooded_box, minmay_tromino_v7

Skill      XL: |  1  2  3 |
---------------+----------+-----
Axes           | 3 |  3.9
Invocations    | 3 |  3.6
Fighting       | 4 |  4.0
Armour         | |  2.6
Dodging        | |  0.7

Action                   || total
-------------------------++-------
Melee: Hand axe          ||    85
  Use: Potion            ||     3
Armor: Leather armour    ||    30
Dodge: Dodged            ||    56

Table legend: (Time is in decaauts)
 A = Elapsed time spent in this place.
 B = Non-inter-level travel time spent in this place.
 C = Inter-level travel time spent in this place.
 D = Time resting spent in this place.
 E = Time spent auto-exploring this place.
 F = Levels seen in this place.
 G = Mean time per level.
                   A        B        C        D        E       F      G
               +--------+--------+--------+--------+--------+-----+--------+
         Total |   1560 |   1522 |     38 |    310 |   1019 |   3 |  520.0 |
       Dungeon |   1559 |   1521 |     38 |    310 |   1019 |   2 |  779.5 |
         Abyss |      1 |      1 |      0 |      0 |      0 |   1 |    1.0 |
               +--------+--------+--------+--------+--------+-----+--------+

Top non-repeatable levels by time:
     D:1: 1051 daAuts
     D:2: 508 daAuts
 Abyss:1: 1 daAuts
